 Dungeon Crawl Stone Soup version 0.31-a0-841-g038b102fc3 (webtiles) character file.

Game seed: 900527745404373562

9167 javelincjr the Fighter (level 11, -5/99 HPs)
             Began as a Yellow Draconian Shapeshifter on Sept 27, 2023.
             Was a Priest of Qazlal.
             Slain by a frost giant
             ... wielding a +2 battleaxe of freezing
              (15 damage)
             ... on level 11 of the Dungeon.
             The game lasted 00:35:57 (10744 turns).

javelincjr the Fighter (DrSh)                      Turns: 10744, Time: 00:35:57

Health: -5/99      AC: 12    Str: 27    XL:     11   Next: 19%
Magic:  9/9        EV: 20    Int: 10    God:    Qazlal [***...]
Gold:   529        SH:  4    Dex: 11    Spells: 10/10 levels left

rFire   . .          .
                       - Unarmed
rCold   . . .        (shield currently unavailable)
rNeg    . . .        (body armour unavailable)
rPois   +            F - +2 hat
rElec   .            m - +0 cloak
rCorr   +            (no gloves)
SInv    .            w - +1 pair of boots of the Known World {Regen+ Slay+6}
Will    .....        (no amulet)
Stlth   +            g - +6 ring of strength
HPRegen 1.16/turn    l - +5 ring of evasion
MPRegen 0.11/turn

%: clarity
@: short of breath, flux-form, slowed, glowing, very slow
A: glow, contaminating, spit acid, AC +7, unfitting armour, cold-blooded, acid
resistance, clarity, low MP 1, poison resistance
a: Breathe Acid, Begin Untransformation, Renounce Religion, Upheaval, Elemental
Force


You were on level 11 of the Dungeon.
You worshipped Qazlal.
Qazlal was most pleased with you.
You were something dangerously unstable.
You visited 2 branches of the dungeon, and saw 12 of its levels.
You also visited: Sewer.

You collected 693 gold pieces.
You spent 164 gold pieces at shops.

Inventory:

Hand Weapons
 q - a +4 scythe of flaming
 v - a +3 quarterstaff of chaos
 y - a +5 dagger
Missiles
 e - 5 curare-tipped darts
 j - 10 javelins
 k - 27 poisoned darts
 t - 5 darts of dispersal
 C - 8 boomerangs
Armour
 m - a +0 cloak (worn)
 w - the +1 pair of boots of the Known World (worn) {Regen+ Slay+6}
   (You found it on level 6 of the Dungeon)

   Slay+6:    It affects your accuracy & damage with ranged weapons and melee
   (+6).
   Regen+:    It increases your rate of health regeneration.
 F - a +2 hat (worn)
Jewellery
 g - a +6 ring of strength (left hand)
 l - a +5 ring of evasion (right hand)
 H - a ring of ice
 L - a ring of fire
 N - a +6 ring of intelligence
Talismans
 b - a beast talisman
 c - a flux talisman (active)
Wands
 n - a wand of charming (20)
 o - a wand of digging (6)
 p - a wand of flame (18)
 D - a wand of quicksilver (12)
Scrolls
 a - a scroll of amnesia
 d - 4 scrolls of revelation
 h - 12 scrolls of teleportation
 r - a scroll of enchant weapon
 z - 3 scrolls of fear
 B - a scroll of noise
 E - a scroll of poison
 G - 2 scrolls of vulnerability {unknown}
 J - a scroll of torment {unknown}
 K - a scroll of immolation {unknown}
Potions
 f - 2 potions of lignification
 i - a potion of cancellation
 s - a potion of might
 u - a potion of enlightenment
 x - 3 potions of attraction
 A - 2 potions of brilliance {unknown}
 I - 2 potions of mutation
 M - 2 potions of haste {unknown}
 O - a potion of magic {unknown}


   Skills:
 + Level 9.7 Fighting
 + Level 8.3 Dodging
 + Level 9.4 Unarmed Combat
 + Level 8.6 Shapeshifting


You had 10 spell levels left.
You didn't know any spells.
Your spell library contained the following spells:

 Spells                   Type           Power      Damage    Failure   Level
 Apportation              Tloc           0%         N/A       36%         1
 Magic Dart               Conj           0%         1d3       36%         1
 Necrotise                Necr           0%         1d4       36%         1
 Summon Small Mammal      Summ           0%         N/A       36%         1
 Call Imp                 Summ           0%         N/A       50%         2
 Sublimation of Blood     Necr           0%         N/A       50%         2
 Wereblood                Tmut           0%         N/A       50%         2
 Call Canine Familiar     Summ           0%         N/A       75%         3
 Dazzling Flash           Conj/Hex       0%         N/A       75%         3
 Mephitic Cloud           Conj/Pois/Air  0%         N/A       75%         3
 Summon Guardian Golem    Hex/Summ       0%         N/A       75%         3
 Volatile Blastmotes      Fire/Tloc      0%         2d10      75%         3
 Manifold Assault         Tloc           0%         N/A       98%         4
 Petrify                  Tmut/Erth      0%         N/A       98%         4
 Irradiate                Conj/Tmut      0%         3d11      100%        5
 Dispersal                Tloc           0%         N/A       100%        6
 Starburst                Conj/Fire      0%         6d3       100%        6
 Disjunction              Tloc           0%         N/A       100%        8
 Maxwell's Capacitive Co  Air            0%         ∞         100%        8


Dungeon Overview and Level Annotations

Branches:
Dungeon (11/15)            Temple (1/1) D:4           Sewer (visited)
   Lair: D:8-11         Orc: D:9-12

Altars:
Ashenzari
Cheibriados
Dithmenos
Elyvilon
Fedhas
Gozag
Hepliaklqana
Kikubaaqudgha
Makhleb
Nemelex Xobeh
Okawaru
Qazlal
Ru
Sif Muna
Trog
Uskayaw
Vehumet
Wu Jian
Xom
Yredelemnul
Zin
The Shining One
Jiyva

Shops:
D:3 !   D:7 (?*   D:10 !

Annotations:
D:10 3 runed translucent doors, cforsyth's ghost, journeyman DjDe


Innate Abilities, Weirdness & Mutations

You are something dangerously unstable.
You glow with magical radiation, making you easy to see and hit.
Foes you strike become dangerously contaminated with magical radiation.
You are incapable of wielding weapons or throwing items.
You can spit globs of acid.
Your golden yellow scales are hard. (AC +7)
You cannot fit into any form of body armour.
You are cold-blooded and may be slowed by cold attacks.
You are resistant to acid. (rCorr)
You possess an exceptional clarity of mind.
Your magical capacity is low. (-10% MP)
Your system is resistant to poisons. (rPois)


Message History

HP restored.
You climb downwards.
There is a stone staircase leading up, spattered with blood here.
Press: ? - help, Shift-Dir - straight line, f - frost giant
Aim: a frost giant, wielding a +2 battleaxe of freezing (97% to hit)
You spit a glob of acid.
The glob of acid hits the frost giant!
The acid corrodes the frost giant!
The frost giant is lightly wounded.
You punch the frost giant!
The frost giant begins to glow.
The frost giant is moderately wounded.
The frost giant hits you with a +2 battleaxe of freezing!!
The frost giant freezes you.
You hit the frost giant.
The frost giant glows dangerously bright.
You tail-slap the frost giant.
The frost giant is moderately wounded.
The frost giant hits you with a +2 battleaxe of freezing!!
You feel yourself slow down. The frost giant freezes you!
You are too injured to fight recklessly!
You are too injured to fight recklessly!
You hit the frost giant.
The frost giant shudders as magic cascades through it!
The frost giant twists and deforms.
The frost giant is heavily wounded.
The frost giant misses you.
You punch the frost giant!
The frost giant begins to glow.
The frost giant is heavily wounded.
You feel yourself speed up.
The frost giant is no longer covered in acid.
The frost giant barely misses you.
The frost giant hits you with a +2 battleaxe of freezing!!
* * * LOW HITPOINT WARNING * * *
You feel yourself slow down. The frost giant freezes you.
* * * LOW HITPOINT WARNING * * *
You hit the frost giant but do no damage.
The frost giant glows dangerously bright.
You tail-slap the frost giant.
The frost giant is heavily wounded.
The frost giant hits you with a +2 battleaxe of freezing!
You die...

....... #.$...
##....
#####....##
........$##
#..≈≈≈≈..##
#.≈≈≈≈≈≈..###
##≈≈≈p.≈≈≈...#
##≈≈≈.C°.≈≈≈#.
#≈≈≈.8..8.≈≈≈..
#≈≈8##''##8≈≈#.
#≈≈≈# ....#
≈≈≈. #≈≈#
......# ≈≈. #≈≈
..####..# ≈. .≈
#.. ..#≈ . ≈#..
..#≈≈


You could see a frost giant (heavy contam, misshapen).

Vanquished Creatures
  2 two-headed ogres
  Pikel (D:4)
  The ghost of TheScarfBastard the Chopper, a novice DrBe of Trog (D:6)
  An ugly thing (D:10)
  A gargoyle (D:9)
  A komodo dragon (D:10)
  A troll (D:10)
  A hornet (D:9)
  Sigmund (D:5)
  A shadow (D:11)
  4 yaks (D:10)
  A spriggan (D:8)
  A wraith (D:10)
  A wyvern (D:10)
  A steam dragon (D:10)
  Edmund (D:5)
  Menkaure (D:5)
  A warg (D:6)
  A water moccasin (D:7)
  Duvessa (D:5)
  A sky beast (D:7)
  Pargi (Sewer)
  2 ogres
  An ice beast (D:8)
  7 orc warriors
  5 centaurs
  A phantom (D:7)
  2 kobold brigands
  2 bullfrogs
  Dowan (D:5)
  10 killer bees
  2 howler monkeys
  4 jellies
  A hound (D:6)
  9 orc priests
  Crazy Yiuf (D:5)
  A gnoll bouda (D:7)
  5 iguanas
  Ijyb (D:3)
  11 orc wizards
  Terence (D:3)
  13 gnolls
  5 river rats (D:3)
  4 adders
  2 shadow imps (D:6)
  2 ufetubi (D:5)
  4 worms
  2 dart slugs
  51 orcs
  12 ball pythons
  7 bats
  A bat zombie (D:8)
  11 endoplasms
  3 giant cockroaches
  9 goblins
  4 hobgoblins
  16 kobolds
  2 quokkas
  8 frilled lizards
  5 rats
  2 rat zombies (D:8)
256 creatures vanquished.

Vanquished Creatures (others)
  An orc wizard (D:5)
1 creature vanquished.

Grand Total: 257 creatures vanquished

Notes
Turn   | Place    | Note
-------+----------+-------------------------------------------
     0 | D:1      | javelincjr the Draconian Shapeshifter began the quest for
                  | the Orb.
     0 | D:1      | Reached XP level 1. HP: 16/16 MP: 1/1
   188 | D:1      | Reached XP level 2. HP: 19/23 MP: 2/2
   757 | D:1      | Reached XP level 3. HP: 11/29 MP: 3/3
   920 | D:2      | Reached XP level 4. HP: 36/36 MP: 4/4
  1733 | D:3      | Noticed Ijyb
  1756 | D:3      | Killed Ijyb
  1757 | D:3      | Reached XP level 5. HP: 39/44 MP: 5/5
  1820 | D:3      | Noticed Terence
  1836 | D:3      | Killed Terence
  1929 | D:3      | Found a glowing drain.
  1957 | Sewer    | Entered a sewer
  2104 | Sewer    | Noticed Pargi
  2113 | Sewer    | Gained mutation: You occasionally shout uncontrollably at
                  | your foes. [potion of mutation]
  2113 | Sewer    | Gained mutation: You occasionally lose the ability to drink
                  | potions when taking damage. [potion of mutation]
  2121 | Sewer    | Killed Pargi
  2122 | Sewer    | Reached XP level 6. HP: 45/51 MP: 6/6
  2525 | D:3      | Found Busax's Distillery.
  2528 | D:3      | Bought a potion of mutation for 104 gold pieces
  2528 | D:3      | Lost mutation: You occasionally lose the ability to drink
                  | potions when taking damage. [potion of mutation]
  2528 | D:3      | Lost mutation: You occasionally shout uncontrollably at
                  | your foes. [potion of mutation]
  2528 | D:3      | Gained mutation: Your magical capacity is low. (-10% MP)
                  | [potion of mutation]
  2528 | D:3      | Gained mutation: You possess an exceptional clarity of
                  | mind. [potion of mutation]
  2528 | D:3      | Gained mutation: Your system is resistant to poisons.
                  | (rPois) [potion of mutation]
  2885 | D:4      | Found a staircase to the Ecumenical Temple.
  3154 | D:4      | Your scales start taking on a golden yellow colour.
  3154 | D:4      | Reached XP level 7. HP: 41/59 MP: 6/6
  3154 | D:4      | Gained mutation: You are resistant to acid. (rCorr) [Yellow
                  | Draconian growth]
  3276 | D:4      | Reached skill level 5 in Unarmed Combat
  3346 | D:4      | Found a burning altar of Makhleb.
  3350 | D:4      | Found a glowing silver altar of Zin.
  3354 | D:4      | Found a hide-covered altar of Uskayaw.
  3354 | D:4      | Found a shadowy altar of Dithmenos.
  3354 | D:4      | Found a sparkling altar of Nemelex Xobeh.
  3357 | D:4      | Found an iron altar of Okawaru.
  3358 | D:4      | Found a shimmering altar of Xom.
  3832 | Temple   | Entered the Ecumenical Temple
  3838 | Temple   | Became a worshipper of Qazlal Stormbringer
  3871 | D:5      | Entered Level 5 of the Dungeon
  3931 | D:5      | Noticed Dowan
  3951 | D:5      | Noticed Duvessa
  3976 | D:5      | Killed Duvessa
  3979 | D:5      | Killed Dowan
  3980 | D:5      | Reached skill level 5 in Shapeshifting
  3999 | D:5      | Noticed Pikel
  4112 | D:4      | Reached skill level 5 in Fighting
  4117 | D:4      | Killed Pikel
  4118 | D:4      | Reached skill level 5 in Dodging
  4118 | D:4      | Reached XP level 8. HP: 41/70 MP: 7/7
  4228 | D:5      | Noticed Sigmund
  4235 | D:5      | Killed Sigmund
  4298 | D:5      | Noticed Edmund
  4301 | D:5      | Noticed Menkaure
  4304 | D:5      | Killed Edmund
  4322 | D:5      | Killed Menkaure
  4738 | D:5      | Found a runed translucent door.
  4739 | D:5      | Noticed Crazy Yiuf
  4743 | D:5      | Killed Crazy Yiuf
  5125 | D:6      | Reached * piety under Qazlal
  5126 | D:6      | Reached XP level 9. HP: 66/78 MP: 8/8
  5185 | D:6      | Found a runed translucent gate.
  5186 | D:6      | Found a runed translucent gate.
  5186 | D:6      | Noticed TheScarfBastard's ghost (novice DrBe)
  5187 | D:6      | Found a runed translucent gate.
  6273 | D:7      | Found Udamo's Weapon Emporium.
  6588 | D:7      | Found Ulitul's Magic Scroll Shop.
  6595 | D:7      | Bought a scroll of fear for 60 gold pieces
  6633 | D:7      | Found Vexug's General Store.
  7549 | D:8      | Reached ** piety under Qazlal
  7906 | D:8      | Found an ancient bone altar of Kikubaaqudgha.
  8461 | D:9      | Noticed a two-headed ogre
  8467 | D:9      | Killed a two-headed ogre
  8468 | D:9      | Reached XP level 10. HP: 88/88 MP: 9/9
  8469 | D:9      | Noticed a gargoyle
  8482 | D:9      | Killed a gargoyle
  8496 | D:9      | Identified the +4 plate armour "Jil Xarphaf" {Rampage
                  | Stlth+}
  9624 | D:6      | Reached *** piety under Qazlal
  9630 | D:6      | Killed TheScarfBastard's ghost
  9887 | D:6      | Identified the +1 pair of boots of the Known World {Regen+
                  | Slay+6}
  9981 | D:10     | Entered Level 10 of the Dungeon
 10130 | D:10     | Noticed a green ugly thing
 10137 | D:10     | Killed a green ugly thing
 10186 | D:10     | Found a snail-covered altar of Cheibriados.
 10343 | D:10     | Reached XP level 11. HP: 78/97 MP: 9/9
 10382 | D:10     | Found a runed translucent gate.
 10382 | D:10     | Found a runed translucent gate.
 10382 | D:10     | Found a runed translucent gate.
 10385 | D:10     | Noticed cforsyth's ghost (journeyman DjDe)
 10385 | D:10     | Noticed a great orb of eyes
 10422 | D:10     | Found Doryosoir's Distillery.
 10647 | D:10     | Found a viscous altar of Jiyva.
 10667 | D:11     | Noticed a two-headed ogre
 10683 | D:11     | Killed a two-headed ogre
 10686 | D:11     | Noticed a frost giant
 10744 | D:11     | Slain by a frost giant

Illustrated notes

Levels and vault maps discovered:
D:1:      lemuel_arrival_river_ford, layout_basic, minmay_tromino_v4_a
D:2:      layout_basic
D:3:      layout_loops_ring, serial_shops, nicolae_shop_real_fake_doors,
          portal_sewer_entry_e, uniq_ijyb, uniq_terence
D:4:      layout_cave_pods, minitemple, minmay_temple_entry_glassed_door,
          minmay_quadrilaterals
D:5:      layout_gridville, uniq_crazy_yiuf_cottage, uniq_pikel, uniq_sigmund,
          uniq_menkaure, uniq_duvessa, uniq_edmund
D:6:      corexii_shack_village, layout_cave_pods, biasface_ghost_orc_armoury,
          amcnicky_mini_corridor_feature, nicolae_eternal_life
D:7:      layout_cave_pods, serial_shops, nicolae_shop_tiny_statue_garden,
          nicolae_shop_hallway_plus, shop, nicolae_fountain_basement
D:8:      layout_loops_ring, lemuel_zombie_altar_kikubaaqudgha, the_hattery
D:9:      layout_cave_pods, serial_park, serial_park_avenue1, serial_park_paths
          [serial_park_minivault_5x5_2], serial_park_tiny_2,
          serial_park_tiny_pond
D:10:     layout_roguey, kennysheep_slug_shrine, gammafunk_ghost_ooze,
          serial_shops, nicolae_take_the_stairs, st_stairs_12
D:11:     layout_layer_cave, hellmonk_lair_entry_icy, kennysheep_island_fort,
          uniq_erica
Temple:   nicolae_temple_bog_church

Skill      XL: |  1  2  3  4  5  6  7  8  9 10 |
---------------+-------------------------------+-----
Dodging        | 2 3 5 6 8 |  8.3
Fighting       | 2 3 4 5 6 8 9 |  9.7
Unarmed Combat | 4 6 8 9 |  9.4
Shapeshifting  | 4 5 6 7 8 |  8.6

Action                     |  1- 3 |  4- 6 |  7- 9 | 10-12 || total
---------------------------+-------+-------+-------+-------++-------
  Melee: Unarmed           |    68 |   221 |   257 |   185 ||   731
         Tailslap          |     8 |    26 |    45 |    33 ||   112
         Punch             |     1 |     6 |    12 |       ||    19
Ability: Breathe Acid      |       |       |    17 |    10 ||    27
    Use: Potion            |       |     7 |     1 |     1 ||     9
         Scroll            |       |     4 |     6 |       ||    10
   Stab: Invisible         |       |     4 |       |       ||     4
         Sleeping          |       |     3 |     1 |       ||     4
 Armour: Skin              |    42 |   125 |   121 |    82 ||   370
  Dodge: Dodged            |    40 |   157 |   178 |   153 ||   528
  Block: Other             |       |       |    13 |    29 ||    42
   Form: Flux              |       |       |     1 |       ||     1

Table legend: (Time is in decaauts)
 A = Elapsed time spent in this place.
 B = Non-inter-level travel time spent in this place.
 C = Inter-level travel time spent in this place.
 D = Time resting spent in this place.
 E = Time spent auto-exploring this place.
 F = Levels seen in this place.
 G = Mean time per level.
                   A        B        C        D        E       F      G
               +--------+--------+--------+--------+--------+-----+--------+
         Total |  10686 |  10117 |    569 |    835 |   7427 |  13 |  822.0 |
       Dungeon |  10363 |   9805 |    558 |    713 |   7306 |  11 |  942.1 |
        Temple |     12 |      2 |     10 |      0 |      0 |   1 |   12.0 |
         Sewer |    309 |    309 |      0 |    122 |    120 |   1 |  309.0 |
               +--------+--------+--------+--------+--------+-----+--------+

Top non-repeatable levels by time:
     D:6: 1850 daAuts
     D:4: 1348 daAuts
     D:7: 1130 daAuts
     D:8: 1001 daAuts
     D:9: 999 daAuts
     D:3: 897 daAuts
     D:5: 885 daAuts
     D:1: 869 daAuts
    D:10: 722 daAuts
     D:2: 631 daAuts
   Sewer: 309 daAuts
    D:11: 28 daAuts
  Temple: 12 daAuts
